 Dungeon Crawl Stone Soup version 0.29-a0-100-g60f898f876 (webtiles) character file.

Game seed: 5647614083382502518

139 cyrus the Skirmisher (level 5, -2/50 HPs)
             Began as a Naga Fighter on Feb 14, 2022.
             Was a Follower of the Shining One.
             Slain by an orc (6 damage)
             ... on level 4 of the Dungeon.
             The game lasted 00:08:33 (3726 turns).

cyrus the Skirmisher (Naga Fighter)                 Turns: 3726, Time: 00:08:35

Health: -2/50      AC:  9    Str: 18    XL:     5   Next: 22%
Magic:  2/5        EV:  3    Int: 11    God:    the Shining One [*.....]
Gold:   168        SH: 15    Dex: 10    Spells: 4/4 levels left

rFire   . . .      SeeInvis +   o - +1 falchion (elec)
rCold   . . .      Faith    .   c - +0 buckler
rNeg    . . .      Spirit   .   z - +0 plate armour
rPois   +          Reflect  +   p - +0 helmet
rElec   .          Harm     .   (no cloak)
rCorr   .          Rampage  .   (no gloves)
Will    .....                   (no barding)
Stlth   ..........              u - amulet of reflection
HPRegen 0.16/turn               (no ring)
MPRegen 0.09/turn               (no ring)

@: mighty, divinely shielded, glowing, very slow
A: AC +1, large, see invisible, deformed body, poison resistance, slowness 2,
spit poison 1, naga tail 1
a: Spit Poison, Renounce Religion, Divine Shield


You were on level 4 of the Dungeon.
You worshipped the Shining One.
The Shining One was aware of your devotion.
You visited 1 branch of the dungeon, and saw 4 of its levels.

You collected 168 gold pieces.

Inventory:

Hand Weapons
 a - a +0 trident
 o - a +1 falchion of electrocution (weapon)
Missiles
 e - 79 bolts
Armour
 b - a +0 scale mail
 c - a +0 buckler (worn)
 m - a +0 chain mail
 p - a +0 helmet (worn)
 z - a +0 plate armour (worn)
Jewellery
 u - an amulet of reflection (around neck)
Scrolls
 j - a scroll of enchant armour {unknown}
 n - 3 scrolls of identify {unknown}
 q - a scroll of amnesia {unknown}
 t - a scroll of brand weapon {unknown}
 w - a scroll of vulnerability {unknown}
 x - a scroll of immolation {unknown}
 y - a scroll of noise {unknown}
 A - a scroll of summoning {unknown}
Potions
 d - 2 potions of might
 f - 3 potions of curing {unknown}
 g - a potion of ambrosia {unknown}
 h - a potion of heal wounds {unknown}
 i - a potion of attraction {unknown}
 k - 3 potions of resistance {unknown}
 l - a potion of flight {unknown}
 r - a potion of degeneration {unknown}
 s - a potion of invisibility {unknown}
 v - a potion of lignification {unknown}


   Skills:
 + Level 3.6 Fighting
 + Level 1.8 Long Blades
 + Level 3.0 Polearms
 + Level 3.1 Armour
 + Level 0.1 Dodging
 + Level 0.4 Stealth
 + Level 2.7 Shields


You had 4 spell levels left.
You didn't know any spells.
Your spell library was empty.

Dungeon Overview and Level Annotations

Branches:
Dungeon (4/15)
 Temple: D:4-7

Altars:
Sif Muna
Uskayaw
The Shining One

Annotations:
D:4 Menkaure


Innate Abilities, Weirdness & Mutations

Your serpentine skin is tough. (AC +1)
You have supernaturally acute eyesight. (SInv)
Armour fits poorly on your strangely shaped body.
Your system is resistant to poisons. (rPois)
You cover ground very slowly.
You can spit poison.
You have a snake-like lower body.


Message History

Press: ? - help, Shift-Dir - straight line, f - Menkaure
Aim: Menkaure (haloed, 89% to hit)
The splash of poison hits Menkaure but does no damage.
The orc shouts!
You block the goblin's attack. The hobgoblin hits you.
You block the orc's attack.
You hit Menkaure but do no damage.
Menkaure gestures at you while chanting.
Pain shoots through your body! The goblin hits you but does no damage.
You block the orc's attack. The hobgoblin hits you.
The orc hits you with a +0 mace.
* * * LOW HITPOINT WARNING * * *
You hit Menkaure.
Menkaure is moderately damaged.
You block the goblin's attack. The orc hits you but does no damage.
You block the hobgoblin's attack.
Menkaure calls on the powers of darkness!
Your body is wracked with pain!
* * * LOW HITPOINT WARNING * * *
The hobgoblin convulses!
The orc convulses! x3
The orc hits you but does no damage. The goblin hits you but does no damage.
You block the orc's attack.
You feel very mighty all of a sudden. You block the hobgoblin's attack.
The orc completely misses you. You block Menkaure's attack.
The goblin hits you with a +0 club.
* * * LOW HITPOINT WARNING * * *
The orc hits you but does no damage.
You hit Menkaure.
Menkaure is heavily damaged.
You have got your breath back.
You block the hobgoblin's attack. You block Menkaure's attack.
You block the goblin's attack. The orc hits you but does no damage.
The hobgoblin hits you but does no damage.
You slash Menkaure!
Menkaure is almost destroyed.
You block the orc's attack. Menkaure hits you.
* * * LOW HITPOINT WARNING * * *
The goblin hits you but does no damage.
The orc hits you from afar with a +0 trident.
You die...

####[.##................
..............#.........
#.##.^........##..##..(..
#............##..## .....
##..........# .##
#..........## ..
#.....###......#.#
#...... ##..oo...#...
#......# #..@go......
#..#.........MgK..#.#.
##.#...#.#...#......# .
##..#(....##..$.##
....!... ....# ........
...... ....... .......
?$...#. .......


You could see Menkaure, 3 orcs, a hobgoblin, a goblin and a kobold.

Vanquished Creatures
  Natasha (D:2)
  2 adders
  2 worms
  A dart slug (D:4)
  7 orcs (D:3)
  10 endoplasms
  3 giant cockroaches
  3 goblins
  8 hobgoblins
  3 quokkas
  6 ball pythons
  6 bats
  4 frilled lizards
  11 kobolds
  10 rats
77 creatures vanquished.

Notes
Turn   | Place    | Note
-------+----------+-------------------------------------------
     0 | D:1      | cyrus the Naga Fighter began the quest for the Orb.
     0 | D:1      | Reached XP level 1. HP: 21/21 MP: 1/1
   453 | D:1      | Reached XP level 2. HP: 14/28 MP: 2/2
  1028 | D:1      | Reached XP level 3. HP: 32/34 MP: 3/3
  2140 | D:2      | Noticed Natasha
  2150 | D:2      | Killed Natasha
  2151 | D:2      | Reached XP level 4. HP: 12/42 MP: 4/4
  2399 | D:2      | Reached skill level 1 in Long Blades
  2461 | D:2      | Found a faded altar of an unknown god.
  2467 | D:2      | Prayed at the altar of an unknown god.
  2467 | D:2      | Became a worshipper of the Shining One
  2467 | D:2      | Reached * piety under the Shining One
  2975 | D:3      | Found a shimmering blue altar of Sif Muna.
  3277 | D:3      | Reached XP level 5. HP: 49/49 MP: 5/5
  3338 | D:3      | Found a hide-covered altar of Uskayaw.
  3714 | D:4      | Noticed Menkaure
  3726 | D:4      | Slain by an orc

Illustrated notes

Levels and vault maps discovered:
D:1:      eino_arrival_tree_alley, layout_loops_cross
D:2:      layout_basic, shapermc_ecumenical_altar_mp_highgroup,
          hangedman_decor_push, uniq_natasha
D:3:      layout_basic, lemuel_coloured_pillars_altar,
          nicolae_overflow_crystal_walls
D:4:      layout_cave_pools, kennysheep_mini, corner_web_ring,
          minmay_misc_feat_roman, uniq_menkaure

Skill      XL: |  1  2  3  4 |
---------------+-------------+-----
Polearms       | 3 |  3.0
Long Blades    | 1 |  1.8
Armour         | 3 |  3.1
Fighting       | |  3.6
Dodging        | |  0.1
Stealth        | |  0.4
Shields        | |  2.7

Action                   |  1- 3 |  4- 6 || total
-------------------------+-------+-------++-------
Melee: Trident           |    83 |       ||    83
       Falchion          |    60 |    82 ||   142
Invok: Divine Shield     |       |     1 ||     1
 Abil: Spit Poison       |       |     1 ||     1
  Use: Potion            |     1 |     2 ||     3
Armor: Scale mail        |    32 |       ||    32
       Chain mail        |    55 |    41 ||    96
       Plate armour      |       |    12 ||    12
Dodge: Dodged            |    46 |    10 ||    56
Block: Buckler           |    35 |    62 ||    97

Table legend: (Time is in decaauts)
 A = Elapsed time spent in this place.
 B = Non-inter-level travel time spent in this place.
 C = Inter-level travel time spent in this place.
 D = Time resting spent in this place.
 E = Time spent auto-exploring this place.
 F = Levels seen in this place.
 G = Mean time per level.
                   A        B        C        D        E       F      G
               +--------+--------+--------+--------+--------+-----+--------+
         Total |   4617 |   4617 |      0 |     81 |   3455 |   4 | 1154.2 |
       Dungeon |   4617 |   4617 |      0 |     81 |   3455 |   4 | 1154.2 |
               +--------+--------+--------+--------+--------+-----+--------+

Top non-repeatable levels by time:
     D:2: 1709 daAuts
     D:1: 1637 daAuts
     D:3: 1183 daAuts
     D:4: 87 daAuts
